AoeStats
← NatriumChloride

Arena

510153765Analyzed
3v3 RM · 3d ago on Sep 29, 2026· 53m 35s· 6 players
Game mode
Random Map
Map size
Normal (6 player)
Population
200
Speed
Normal
Resources
Standard
Victory
Conquest
Starting age
Dark Age
Ending age
Imperial Age
RankedLock teamsTeams togetherTeam positionsShared explorationLock speedFull tech treeHidden civsTurbo modeCheats
Victory
Defeat
🇧🇷 Goths · Brazil
1126
+15
🇬🇷 Britons · Greece
1076
+17
🇬🇹 Spanish · Guatemala
1073
+17
🇨🇳 Saxons · China
1152
-19
🇳🇱 Byzantines · Netherlands
1073
-15
🇳🇱 Varangians · Netherlands
1072
-15
FeherFarkas
10:42 Feudal Age
12:18 Loom
15:01 Castle Age
13:30 Horse Collar
15:16 Wheelbarrow
15:34 Double-Bit Axe
16:59 Fervor
21:51 Husbandry
22:09 Bow Saw
23:51 Stone Mining
25:54 Stone Shaft Mining
25:47 Bloodlines
26:10 Scale Barding Armor
30:30 Imperial Age
28:24 Fletching
30:17 Chain Barding Armor
29:53 Bodkin Arrow
31:43 Conscription
32:32 Chemistry
36:47 Hand Cart
37:15 Plate Barding Armor
36:17 Elite Conquistador
36:59 Gold Mining
38:35 Padded Archer Armor
38:35 Bracer
41:00 Two-Man Saw
39:26 Light Cavalry
41:09 Hussar
42:08 Forging
42:14 Leather Archer Armor
48:41 Iron Casting
48:40 Ballistics
52:44 Town Watch
54:44 Blast Furnace
54:25 Ring Archer Armor
fotolithos
10:55 Feudal Age
16:29 Castle Age
14:22 Double-Bit Axe
14:22 Horse Collar
17:23 Bow Saw
17:21 Heavy Plow
18:46 Stone Mining
27:54 Wheelbarrow
32:18 Imperial Age
30:19 Hand Cart
31:58 Loom
36:18 Pikeman
36:58 Squires
36:44 Arson
38:32 Halberdier
46:31 Two-Man Saw
51:28 Gold Mining
51:26 Crossbowman
52:38 Arbalester
DuentePreto
10:44 Feudal Age
14:38 Castle Age
12:48 Double-Bit Axe
14:26 Horse Collar
19:10 Loom
19:38 Heavy Plow
20:02 Scale Mail Armor
20:13 Forging
21:16 Man-at-Arms
23:04 Squires
25:22 Gold Mining
25:22 Stone Mining
25:51 Chain Mail Armor
25:52 Bow Saw
27:37 Stone Shaft Mining
28:38 Wheelbarrow
28:21 Forging
28:35 Long Swordsman
28:39 Pikeman
32:58 Imperial Age
31:16 Hand Cart
32:19 Iron Casting
32:59 Anarchy
34:52 Blast Furnace
34:00 Perfusion
34:21 Conscription
34:50 Halberdier
37:33 Two-Handed Swordsman
37:39 Elite Huskarl
43:46 Champion
45:05 Ballistics
45:46 Chemistry
44:38 Fletching
44:50 Padded Archer Armor
46:37 Two-Man Saw
46:09 Crop Rotation
45:37 Bodkin Arrow
53:20 Spies/Treason
NatriumChloride
10:46 Feudal Age
11:59 Loom
15:08 Castle Age
14:08 Fletching
15:34 Double-Bit Axe
30:58 Imperial Age
29:42 Bow Saw
29:50 Pikeman
30:26 Horse Collar
32:02 Elite Skirmisher
32:48 Bodkin Arrow
35:25 Wheelbarrow
34:52 Heavy Plow
37:12 Conscription
37:31 Scale Mail Armor
39:02 Two-Man Saw
39:08 Stone Mining
39:11 Gold Mining
40:32 Scale Barding Armor
43:12 Chain Barding Armor
44:04 Forging
44:34 Logistica
47:13 Hoardings
47:17 Elite Cataphract
48:54 Plate Barding Armor
48:52 Elite Varangian Guard
49:50 Chain Mail Armor
50:42 Iron Casting
50:13 Squires
51:40 Plate Mail Armor
52:26 Crop Rotation
且听风语
10:59 Feudal Age
12:05 Loom
15:06 Castle Age
14:49 Double-Bit Axe
24:36 Fletching
28:55 Bow Saw
32:24 Imperial Age
32:32 Scale Mail Armor
32:43 Forging
34:39 Squires
34:24 Gambesons
34:25 Arson
34:01 Elite Varangian Guard
37:23 Horse Collar
40:54 Two-Man Saw
39:42 Elite Skirmisher
40:56 Bodkin Arrow
41:02 Padded Archer Armor
43:34 Thumb Ring
45:43 Pikeman
46:50 Shield Wall
ToipperHero
10:50 Feudal Age
10:42 Loom
14:49 Castle Age
13:03 Double-Bit Axe
16:17 Bow Saw
20:50 Wheelbarrow
20:01 Horse Collar
23:53 Hand Cart
25:02 Heavy Plow
26:07 Gold Mining
29:40 Imperial Age
28:06 Scale Barding Armor
28:11 Forging
29:17 Vendel Legacy
31:43 Chain Barding Armor
31:58 Iron Casting
31:42 Cavalier
32:23 Husbandry
32:34 Bloodlines
33:43 Chemistry
33:54 Conscription
36:16 Plate Barding Armor
36:41 Blast Furnace
48:52 Blast Furnace
47:15 Light Cavalry
Connection lost

Rejoining the realm…

Still unreachable

The connection could not be restored.

Session expired

The server has moved on; the page needs a fresh start.